Map: Taito Citadel LE

Players

llllllllllll

  • Race: Zerg Zerg
  • League: Grandmaster
  • Spawn Location: 5:00

GABE - Winner!

  • Race: Terran Terran
  • League: Grandmaster
  • Spawn Location: 11:00

VOD

https://www.youtube.com/watch?v=NeZCP929HWo

Description

TvZ Hellion Banshee Guide ALL THE NOTES from the Video:
1. Basic Reaper Fast Expand
2. Worker Scout after Barracks is done or Reaper Scout with 1 or 2 Marines vs Hatch First or Pool First Aggression
3. Go for 1 Gas 3 CC Factory + Reactor into 2 Gas + 1 Starport (Tech Lab Barracks)
4. Reaper scouts for Third Base + goes back around 3:20
5. 2 Hellion + Reaper Moveout + Scouting (Slight Delay to be safe vs Ling Floods)
6. 6 Hellions in total + Banshee & Cloak, add 2 Barracks + Factory for Reactor + Tech Lab Barracks, don’t forget to start Supply Depot Wall in your Natural + 2nd Banshee
7. Add 2 Gas, 2 Ebays (in the wall), fly over your third, get Stim & Combat Shields, 2 additional Barracks + Tech Lab Swap between Factory & Staport and make Reactor with Starport (Don’t forget constant SCV + Depot Production, 1-1 Upgrades)
8. Get Scouting & harrass with 2 Banshees, Hellions defend vs runbys, start your constant Tank + Marine + Medivac Production
9. Marines + Medivac Drops for additional Scouting & Damage, Tanks, Hellions, Banshees can defend runbys
10. Last Step in the Build: When 1-1 is ~2/3 done get Armory + 2nd Factory, don’t forget gas in your 3rd, take a fourth, go up to 8 Rax (4 Reactor, 4 Tech Lab)
11. Don’t forget these: 2-2, 2nd Factory Widow Mine Production + Drilling Claws, Sensor Tower in 3rd/4th, Concussive Shells. SCV count on 3 base around 70, on 4+ base around 80, Gas 4th
12. From here it’s freestyle: Build additional CCs, get another Factory for more Tanks, get more Upgrades (3-3, Building Armor, Fusion Core, 2nd Armory, add Ghosts etc.)

Time

  • Played on: May 7, 2026, 4:07 p.m.
  • Length: 14:24
Show
View Real Time Build Order
Export as new Build Order

llllllllllll Zerg 

Build Orders: Hatch First 

Get SALT Encoding   

  12  0:00  Drone  
  13  0:10  Drone  
  14  0:15  Extractor, Drone  
  15  0:21  Overlord  
  15  0:40  Drone  
  16  0:45  Hatchery  
  16  0:49  Drone  
  16  0:52  Drone  
  16  0:56  Drone  
  18  1:07  Extractor  
  17  1:11  Spawning Pool  
  17  1:15  Drone  
  17  1:20  Drone  
  18  1:27  Drone  
  19  1:39  Drone  
  20  1:50  Drone  
  21  1:58  Queen x2  
  21  1:59  Zergling x4  
  27  2:08  Metabolic Boost  
  27  2:09  Overlord  
  27  2:15  Drone  
  28  2:29  Hatchery  
  27  2:31  Drone  
  27  2:35  Drone x2  
  30  2:37  Drone  
  31  2:46  Queen  
  33  2:53  Overlord  
  33  2:54  Drone  
  33  2:56  Drone  
  35  2:59  Drone  
  35  3:02  Overlord  
  36  3:11  Drone x4  
  40  3:13  Drone  
  40  3:15  Drone  
  42  3:22  Drone x2  
  42  3:23  Drone  
  45  3:28  Queen  
  45  3:30  Drone  
  45  3:31  Drone  
  49  3:38  Overlord  
  49  3:40  Drone x3  
  52  3:45  Queen  
  52  3:47  Drone  
  52  3:48  Drone  
  56  3:52  Drone x2  
  56  3:54  Overlord  
  58  3:57  Overlord  
  58  4:03  Zergling x6  
  58  4:05  Drone x2  
  58  4:09  Queen  
  65  4:13  Queen  
  65  4:16  Overlord  
  67  4:19  Zergling x4  
  67  4:22  Drone  
  67  4:23  Drone x2  
  72  4:27  Lair  
  72  4:31  Drone x4  
  72  4:36  Drone x2  
  78  4:38  Overlord  
  78  4:42  Drone x4  
  82  4:45  Spore Crawler  
  82  4:48  Baneling Nest  
  82  4:52  Drone  
  81  4:55  Overlord  
  81  4:58  Drone  
  81  4:59  Drone x3  
  85  5:00  Extractor  
  85  5:02  Extractor x2, Hatchery  
  85  5:04  Zergling x8  
  84  5:09  Queen  
  84  5:12  Zergling x6  
  89  5:19  Extractor  
  89  5:20  Zergling x4  
  91  5:28  Drone x8  
  91  5:29  Overseer, Evolution Chamber  
  91  5:30  Overlord x2  
  91  5:31  Drone  
  98  5:35  Spore Crawler  
  98  5:36  Spore Crawler, Drone  
  98  5:38  Drone  
  98  5:40  Centrifugal Hooks  
  98  5:43  Hydralisk Den, Drone  
  98  5:49  Drone x2  
  100  5:52  Drone x2  
  100  5:57  Zerg Ground Armor Level 1  
  100  5:59  Evolution Chamber  
  100  6:00  Drone x2  
  100  6:01  Drone  
  100  6:02  Spore Crawler  
  100  6:03  Queen  
  102  6:05  Drone x3  
  101  6:18  Drone, Zergling x10  
  100  6:25  Hatchery  
  104  6:30  Drone x3  
  104  6:31  Zergling x6  
  108  6:33  Muscular Augments  
  108  6:34  Zerg Melee Weapons Level 1  
  108  6:36  Overlord  
  108  6:38  Overlord  
  108  6:43  Zergling x8  
  108  6:44  Baneling x6  
  112  6:50  Hydralisk  
  112  6:51  Overlord  
  112  6:52  Overlord  
  113  6:54  Zergling x8  
  113  6:59  Hatchery  
  116  7:01  Hydralisk x2  
  116  7:03  Zergling x4  
  121  7:10  Extractor  
  121  7:11  Drone x3  
  121  7:12  Hydralisk x2  
  127  7:20  Zergling x14  
  133  7:26  Zergling x2  
  133  7:27  Zergling x6  
  133  7:28  Overlord  
  133  7:29  Hatchery  
  135  7:33  Hydralisk  
  135  7:34  Hydralisk x2  
  135  7:37  Grooved Spines, Overlord  
  141  7:39  Zergling x6  
  144  7:44  Zergling x10  
  144  7:49  Overlord  
  144  7:50  Zergling x8  
  153  7:53  Zerg Ground Armor Level 2  
  153  7:59  Zergling x4, Overseer  
  153  8:04  Hatchery  
  151  8:05  Zergling x8  
  151  8:06  Zergling x8  
  151  8:08  Baneling  
  151  8:09  Baneling x4  
  151  8:10  Zergling x8  
  158  8:17  Zergling x8  
  152  8:22  Drone x4, Infestation Pit  
  155  8:27  Zergling x4  
  155  8:30  Zerg Melee Weapons Level 2  
  155  8:32  Zergling x14  
  164  8:40  Baneling x4, Zergling x2  
  164  8:41  Zergling x2  
  143  8:55  Zergling x30  
  123  8:59  Hydralisk x3  
  127  9:03  Hydralisk x2  
  127  9:09  Drone x7  
  138  9:15  Queen  
  140  9:19  Zergling x8  
  140  9:20  Zergling x4  
  140  9:21  Overlord  
  146  9:26  Zergling x12  
  148  9:32  Drone x6  
  148  9:34  Hive  
  148  9:35  Hatchery  
  151  9:38  Zergling x10  
  156  9:49  Zergling x18  
  165  9:53  Zergling x2  
  165  9:55  Zergling x8, Spore Crawler  
  165  9:59  Burrow, Pneumatized Carapace  
  169  10:04  Zergling x16  
  178  10:09  Overlord x7  
  178  10:10  Hatchery, Zerg Missile Weapons Level 1, Baneling x5  
  178  10:13  Zergling x6  
  180  10:14  Overseer  
  180  10:18  Zergling x6  
  182  10:27  Spore Crawler  
  181  10:28  Zergling x2  
  181  10:29  Zergling x18  
  181  10:34  Zergling x12  
  196  10:50  Baneling x14  
  196  10:51  Zergling x8  
  196  10:55  Adrenal Glands  
  200  11:00  Hatchery  
  190  11:11  Zergling x12  
  190  11:12  Zergling x6  
  190  11:18  Zergling x36  
  150  11:19  Zergling x2  
  150  11:24  Hydralisk x6  
  149  11:31  Zergling x4  
  147  11:34  Baneling x6  
  147  11:37  Hydralisk  
  147  11:39  Zergling x12  
  150  11:42  Extractor x2  
  148  11:49  Zergling x18  
  152  11:55  Zergling x2  
  152  11:56  Zergling x10  
  158  12:02  Zergling x2  
  158  12:07  Overseer  
  158  12:08  Zergling x10  
  158  12:15  Zergling x10  
  168  12:16  Overseer  
  168  12:21  Zergling x22  
  176  12:24  Zergling x4  
  176  12:27  Zergling x4  
  180  12:31  Baneling x10  
  180  12:32  Zergling x4  
  180  12:33  Overlord  
  182  12:37  Baneling x4  
  182  12:38  Zergling x8  
  182  12:40  Zergling x2  
  182  12:43  Zergling x8  
  191  12:44  Baneling x5  
  189  12:57  Zergling x26  
  156  12:58  Hatchery  
  156  13:03  Hydralisk x3  
  135  13:08  Drone x4  
  139  13:12  Drone  
  139  13:13  Drone x5  
  144  13:21  Drone x11  
  155  13:31  Viper  
  155  13:32  Viper x2  
  155  13:33  Zergling x8  
  167  13:39  Hydralisk  
  167  13:40  Hydralisk x2  
  172  13:43  Overseer  
  172  13:44  Zergling x20, Hatchery  
  179  13:49  Zergling x12  
  172  14:00  Zergling x12  
  147  14:03  Zergling x4  
Show
View Real Time Build Order
Export as new Build Order

GABE Terran - Winner!

Build Orders: Reaper Expand, Hellion Banshee 

Get SALT Encoding   

  12  0:00  SCV  
  13  0:12  SCV  
  14  0:16  Supply Depot  
  14  0:24  SCV  
  15  0:38  SCV  
  15  0:39  Barracks  
  16  0:43  Refinery  
  16  0:50  SCV  
  17  1:02  SCV  
  18  1:14  SCV  
  19  1:27  Orbital Command, Reaper  
  20  1:38  Command Center  
  20  1:46  Supply Depot  
  20  1:52  SCV  
  21  1:58  Marine  
  22  2:04  SCV  
  23  2:10  Factory  
  23  2:17  SCV  
  24  2:23  Barracks Reactor  
  24  2:29  SCV  
  25  2:37  Command Center  
  25  2:41  SCV  
  26  2:50  Orbital Command  
  26  2:53  SCV  
  26  2:58  Starport  
  27  3:05  SCV  
  28  3:06  Refinery  
  28  3:09  Hellion  
  28  3:10  Hellion  
  32  3:15  Barracks Tech Lab  
  32  3:17  SCV  
  32  3:19  SCV  
  34  3:29  SCV  
  34  3:32  SCV  
  36  3:34  Hellion x2  
  36  3:41  Banshee, SCV  
  43  3:45  SCV  
  45  3:49  Orbital Command  
  45  3:53  SCV  
  46  3:56  Hellion x2  
  46  3:57  SCV  
  46  3:58  Cloaking Field  
  51  4:06  SCV  
  51  4:07  Barracks Tech Lab  
  51  4:08  Supply Depot  
  51  4:09  SCV  
  53  4:14  SCV  
  54  4:18  SCV  
  54  4:21  Barracks, SCV  
  56  4:24  Barracks  
  56  4:27  Banshee  
  56  4:29  Factory Reactor  
  59  4:32  SCV  
  59  4:33  Orbital Command, SCV  
  59  4:34  Marine  
  59  4:35  Supply Depot  
  62  4:44  SCV  
  62  4:45  SCV, Refinery x2  
  64  4:47  Stimpack  
  64  4:52  Marine  
  65  4:53  Engineering Bay  
  65  4:56  SCV  
  65  4:57  Engineering Bay, SCV  
  65  4:59  SCV  
  68  5:08  SCV  
  68  5:09  SCV  
  68  5:11  SCV  
  68  5:12  Supply Depot  
  71  5:14  Barracks  
  71  5:15  Barracks  
  71  5:20  SCV  
  72  5:21  SCV  
  72  5:23  SCV  
  72  5:26  Terran Infantry Armor Level 1, Terran Infantry Weapons Level 1  
  74  5:32  SCV, Starport Reactor  
  74  5:33  SCV  
  76  5:35  Siege Tank, SCV  
  76  5:38  Supply Depot  
  76  5:40  Supply Depot  
  80  5:44  SCV  
  80  5:45  Marine, SCV  
  80  5:47  Marine  
  80  5:48  SCV  
  80  5:49  Supply Depot x2  
  85  5:58  Supply Depot  
  85  5:59  Marine x2  
  85  6:00  SCV x2  
  85  6:02  SCV, Barracks Reactor  
  85  6:03  Barracks Reactor  
  90  6:07  Marine  
  90  6:08  Marine x2  
  90  6:09  Medivac x2  
  97  6:12  SCV  
  97  6:14  SCV x2  
  97  6:15  Supply Depot  
  97  6:16  Siege Tank  
  97  6:17  Marine x2  
  105  6:24  SCV  
  105  6:25  Marine x2  
  106  6:26  Marine  
  106  6:29  SCV x2  
  106  6:30  Combat Shield  
  111  6:34  Refinery  
  111  6:35  Refinery, Marine x2  
  113  6:40  Factory  
  113  6:41  Marine x3, Armory  
  113  6:43  Marine x3  
  119  6:48  SCV x2  
  119  6:49  SCV  
  122  6:58  Marine x3, Command Center  
  122  6:59  Marine x3  
  122  7:01  Marine x3  
  128  7:05  Medivac  
  133  7:10  Supply Depot  
  133  7:13  Medivac, Siege Tank  
  138  7:16  Supply Depot x2  
  138  7:20  Marauder  
  138  7:21  Marine  
  141  7:29  Factory Reactor, Drilling Claws  
  141  7:30  Terran Infantry Weapons Level 2  
  141  7:31  Marine x5  
  141  7:32  SCV x3  
  141  7:33  Terran Infantry Armor Level 2  
  149  7:37  Marine x2  
  149  7:38  Marine  
  149  7:40  Marine  
  153  7:45  Widow Mine  
  153  7:49  Barracks x2, Marine x3  
  153  7:51  Barracks  
  158  7:53  Concussive Shells  
  158  7:54  Medivac x2  
  162  7:58  Terran Vehicle Weapons Level 1  
  162  8:02  Marauder  
  162  8:03  Marine  
  165  8:10  Marine x7  
  172  8:17  SCV x3  
  151  8:21  Marine  
  151  8:22  Siege Tank, Widow Mine x2  
  159  8:29  SCV x3  
  159  8:30  Marauder, Marine  
  159  8:31  Marine x6  
  171  8:34  Medivac x2  
  171  8:39  Marine  
  176  8:44  Widow Mine x2  
  176  8:46  SCV x2  
  176  8:47  SCV  
  175  8:51  Marine x2  
  158  8:56  Widow Mine  
  158  9:00  Marauder, Barracks Tech Lab x2  
  158  9:02  Barracks Tech Lab  
  164  9:04  Medivac x2  
  164  9:05  Widow Mine  
  164  9:07  Planetary Fortress  
  166  9:14  Marine  
  166  9:15  Marine x6  
  173  9:21  Marauder  
  175  9:27  Marine x3  
  178  9:32  Marine x2  
  178  9:33  Sensor Tower  
  178  9:34  Missile Turret  
  180  9:46  Command Center  
  180  9:47  Command Center, Missile Turret  
  180  9:49  Sensor Tower  
  180  9:51  Factory  
  180  9:52  Refinery  
  180  9:53  Refinery  
  180  10:01  Terran Infantry Weapons Level 3  
  180  10:04  Terran Infantry Armor Level 3  
  180  10:06  Command Center  
  180  10:13  Terran Vehicle And Ship Armor Level 1  
  180  10:19  Supply Depot  
  180  10:22  Liberator x2, Marauder  
  188  10:30  Siege Tank  
  188  10:31  Widow Mine x2  
  188  10:34  Missile Turret x2  
  195  10:42  Command Center  
  195  10:43  Command Center  
  195  10:47  Factory Tech Lab  
  194  10:50  Command Center  
  193  10:58  Orbital Command  
  193  11:02  Command Center  
  193  11:03  Command Center  
  193  11:05  Siege Tank  
  196  11:12  Marine  
  196  11:17  Marine x2  
  169  11:20  Marauder  
  169  11:21  Marauder, Marine x3  
  169  11:24  SCV x3  
  169  11:25  Marine x2  
  158  11:31  Marauder  
  158  11:32  Marauder  
  154  11:35  SCV  
  154  11:36  Factory Tech Lab  
  156  11:41  Planetary Fortress  
  156  11:43  Medivac  
  160  11:48  Siege Tank  
  156  11:56  Siege Tank  
  156  11:58  Widow Mine  
  161  12:02  Missile Turret  
  161  12:05  Orbital Command x2  
  161  12:12  Liberator  
  161  12:15  SCV x4  
  168  12:20  Siege Tank  
  168  12:21  SCV  
  173  12:24  Planetary Fortress  
  173  12:27  SCV x3, Orbital Command  
  173  12:28  Orbital Command, Siege Tank  
  173  12:29  SCV  
  178  12:42  Fusion Core  
  176  12:44  Widow Mine x2  
  176  12:50  Marauder  
  182  12:52  Siege Tank  
  182  12:54  Marauder  
  182  12:57  Marine  
  182  12:58  Marauder  
  173  13:00  Siege Tank  
  173  13:03  Marauder  
  173  13:04  Marine  
  166  13:06  Refinery x2  
  166  13:09  Widow Mine x2  
  166  13:10  Refinery  
  166  13:11  Refinery  
  170  13:15  Armory  
  170  13:18  Command Center  
  170  13:22  Caduceus Reactor  
  170  13:24  Sensor Tower  
  170  13:25  Siege Tank, Missile Turret  
  173  13:28  Marauder x2  
  173  13:29  Marauder x2  
  173  13:31  Ghost Academy  
  173  13:33  Siege Tank  
  184  13:40  Sensor Tower  
  184  13:41  Missile Turret  
  184  13:45  Widow Mine  
  184  13:46  Widow Mine  
  194  14:00  SCV  
  194  14:01  SCV  
  198  14:10  Missile Turret x2  
Tags
 
Add a new tag
Caveats
  • Supply blocks, unpowered buildings, or Contaminate may cause inaccurate times.
  • Supply counts are checked every 10 seconds.